 Dungeon Crawl Stone Soup version 0.23-a0-558-g30802b1d75 (webtiles) character file.

81 Manul the Skirmisher (level 4, -1/37 HPs)
             Began as a Mummy Fighter on Dec 12, 2018.
             Slain by Natasha (7 damage)
             ... on level 3 of the Dungeon.
             The game lasted 00:02:44 (2688 turns).

Manul the Skirmisher (Mummy Fighter)                Turns: 2688, Time: 00:02:45

Health: -1/37      AC:  9    Str: 20    XL:     4   Next: 20%
Magic:  4/4        EV:  7    Int:  7    God:
Gold:   80         SH:  9    Dex: 11    Spells: 3/3 levels left

rFire    . . .     SeeInvis .   a - +1 flail
rCold    + . .     Gourm    .   c - +0 shield
rNeg     + + +     Faith    .   b - +0 scale mail
rPois    ∞         Spirit   .   d - +0 helmet
rElec    .         Reflect  .   (no cloak)
rCorr    .         Harm     .   i - +0 pair of gloves
MR       .....                  (no boots)
Stlth    ..........             f - amulet of inaccuracy (curse)
HPRegen  0.12/turn              h - ring of protection from fire
MPRegen  0.09/turn              (no ring)

@: no status effects
A: no food or potions, fire vulnerability, cold resistance 1, negative energy
resistance 3, torment resistance, unbreathing
a: no special abilities


You were on level 3 of the Dungeon.
You were not hungry.

You visited 1 branch of the dungeon, and saw 3 of its levels.

You collected 80 gold pieces.

Inventory:

Hand Weapons
 a - a +1 flail (weapon)
Armour
 b - a +0 scale mail (worn)
 c - a +0 shield (worn)
 d - a +0 helmet (worn)
 g - a +0 pair of gloves
 i - a +0 pair of gloves (worn)
Jewellery
 f - a cursed amulet of inaccuracy (around neck)
 h - a ring of protection from fire (left hand)
Scrolls
 e - a scroll of magic mapping


   Skills:
 * Level 3.6 Fighting
 + Level 2.1 Maces & Flails
 + Level 2.9 Armour
 + Level 0.4 Dodging
 + Level 2.9 Shields


You had 3 spell levels left.
You didn't know any spells.
Your spell library was empty.

Dungeon Overview and Level Annotations

Branches:
Dungeon (3/15)

Altars:

Annotations:
D:3 Natasha


Innate Abilities, Weirdness & Mutations

You do not eat or drink.
Your flesh is vulnerable to fire.
You are immune to poison.
Your flesh is cold resistant. (rC+)
You are immune to negative energy. (rN+++)
You are immune to unholy pain and torment.
You can survive without breathing.


Message History

Natasha stares at you and mumbles some strange words.
The magic dart hits you! Natasha claws you.
* * * LOW HITPOINT WARNING * * *
You barely miss Natasha.
The shadow imp disappears in a puff of smoke!
You block Natasha's attack.
Unknown command.
You can't drink.
You hit Natasha.
Natasha is lightly wounded.
The iron imp disappears in a puff of smoke!
Natasha growls.
Natasha claws you.
* * * LOW HITPOINT WARNING * * *
You barely miss Natasha.
Natasha is lightly wounded.
Natasha wildly gestures.
Natasha's front paws start to glow.
Natasha claws you!
You die...

#.##.##.# #.##.##.#
#.......# ####'####
##..(## ##....(## .
#.....†)## ...
#........r####...#.
+........5h@.......
#........o####.....
##.......## #.#
##.....## ##...##
..... .###.# #.


You could see Natasha, a crimson imp, an orc and a rat.

Vanquished Creatures
  A worker ant zombie (D:3)
  3 worms
  2 dart slugs
  2 leopard geckos
  An orc (D:3)
  5 giant cockroaches
  8 goblins
  6 hobgoblins
  A quokka (D:2)
  7 bats
  6 frilled lizards
  4 kobolds
  8 rats
54 creatures vanquished.

Notes
Turn   | Place    | Note
-------+----------+-------------------------------------------
     0 | D:1      | Manul the Mummy Fighter began the quest for the Orb.
     0 | D:1      | Reached XP level 1. HP: 18/18 MP: 1/1
   182 | D:1      | Reached XP level 2. HP: 17/24 MP: 2/2
  1192 | D:2      | Reached XP level 3. HP: 16/29 MP: 3/3
  2415 | D:3      | Reached XP level 4. HP: 28/37 MP: 4/4
  2667 | D:3      | Noticed Natasha
  2688 | D:3      | Slain by Natasha

Vault maps used:
D:1:      lemuel_arrival_river_ford, minmay_heptomino_w4
D:3:      first_ration, uniq_ijyb, uniq_natasha

Skill      XL: |  1  2  3 |
---------------+----------+-----
Maces & Flails | 2 |  2.1
Fighting       | |  3.6
Armour         | |  2.9
Dodging        | |  0.4
Shields        | |  2.9

Action                   |  1- 3 |  4- 6 || total
-------------------------+-------+-------++-------
Melee: Flail             |   315 |    89 ||   404
  Use: Scroll            |     7 |       ||     7
Armor: Scale mail        |   153 |    44 ||   197
Dodge: Dodged            |   103 |    31 ||   134
Block: Shield            |   166 |    62 ||   228

Table legend:
 A = Non-vault XP
 B = Vault XP
 C = Vault XP percentage of total XP
 D = Non-vault monster count
 E = Vault monster count
 F = Vault count percentage of total count
                 A         B        C        D         E       F
            +---------+---------+-------+---------+---------+-------
      Total |     110 |       7 |   6.0 |      50 |       4 |   7.4
            +---------+---------+-------+---------+---------+-------
        D:1 |      32 |       7 |  17.9 |      20 |       4 |  16.7
        D:2 |      39 |       0 |   0.0 |      18 |       0 |   0.0
        D:3 |      39 |       0 |   0.0 |      12 |       0 |   0.0
            +---------+---------+-------+---------+---------+-------
